 Dungeon Sprint DCSS version 0.28.0-43-g3370ac3207 (webtiles) character file.

Game seed: 17881012614642024031

2549 smarlow the Protected (level 9, -3/90 HPs)
             Began as a Minotaur Fighter on Mar 14, 2022.
             Was a Priest of Okawaru.
             Slain by a demonic crawler (11 damage)
             ... in the Dungeon (Sprint I: "Red Sonja").
             The game lasted 00:03:51 (1175 turns).

smarlow the Protected (Minotaur Fighter)            Turns: 1175, Time: 00:03:51

Health: -3/90      AC:  9    Str: 24    XL:     9   Next: 30%
Magic:  7/8        EV: 11    Int:  5    God:    Okawaru [***...]
Gold:   697        SH:  7    Dex: 11    Spells: 8/8 levels left

rFire   . . .      SeeInvis .   a - +0 war axe
rCold   . . .      Faith    .   c - +0 buckler
rNeg    . . .      Spirit   .   b - +0 scale mail
rPois   .          Reflect  .   (helmet restricted)
rElec   .          Harm     .   (no cloak)
rCorr   .          Rampage  .   (no gloves)
Will    .....      NoTele   +   (no boots)
Stlth   ..........              (no amulet)
HPRegen 0.25/turn               (no ring)
MPRegen 0.11/turn               (no ring)

@: hasted, very quick
A: horns 2, retaliatory headbutt
a: Renounce Religion, Heroism


You were in the Dungeon.
You worshipped Okawaru.
Okawaru was most pleased with you.
You visited 1 branch You collected 869 gold pieces.
You spent 172 gold pieces at shops.

Inventory:

Hand Weapons
 a - a +0 war axe (weapon)
Armour
 b - a +0 scale mail (worn)
 c - a +0 buckler (worn)
Wands
 d - a wand of polymorph (9)
Scrolls
 i - a scroll of vulnerability {unknown}
 j - 2 scrolls of blinking
 m - a scroll of identify {unknown}
Potions
 e - a potion of degeneration {unknown}
 f - a potion of heal wounds
 h - 2 potions of magic
 k - 2 potions of curing
 l - a potion of mutation


   Skills:
 + Level 12.2 Fighting
 + Level 11.3 Axes
 + Level 13.9 Armour
 + Level 3.7 Dodging
 + Level 13.0 Shields
 + Level 6.1 Unarmed Combat
 + Level 0.9 Invocations


You had 8 spell levels left.
You didn't know any spells.
Your spell library was empty.

Dungeon Overview and Level Annotations

Branches:
Dungeon (1/1)

Altars:
Cheibriados
Dithmenos
Elyvilon
Fedhas
Gozag
Hepliaklqana
Kikubaaqudgha
Makhleb
Nemelex Xobeh
Okawaru
Qazlal
Ru
Sif Muna
Trog
Uskayaw
Vehumet
Wu Jian
Xom
Yredelemnul
Zin
The Shining One
Jiyva
Lugonu

Shops:
D !*[


Innate Abilities, Weirdness & Mutations

You have a pair of horns on your head.
You reflexively headbutt those who attack you in melee.


Message History

You hit the demonic crawler.
The demonic crawler is almost dead.
You hit the demonic crawler but do no damage.
A gargoyle comes into view. It is wielding a +0 flail.
The demonic crawler hits you but does no damage.
The demonic crawler closely misses you. The demonic crawler hits you!
Unknown command.
You slash the demonic crawler!
You kill the demonic crawler!
Okawaru accepts your kill.
You hit the demonic crawler but do no damage.
The demonic crawler shrieks in warning!
Your base Axes skill increases to level 11!
Your base Shields skill increases to level 13!
You barely miss the demonic crawler.
You headbutt the demonic crawler, but do no damage.
You hit the demonic crawler but do no damage.
The demonic crawler shrieks in warning!
You block the demonic crawler's attack. x2
The demonic crawler closely misses you.
Unknown command.
You hit the demonic crawler but do no damage.
You headbutt the demonic crawler.
The demonic crawler is lightly wounded.
You hit the demonic crawler but do no damage.
The demonic crawler misses you. x2
The demonic crawler hits you but does no damage.
The demonic crawler hits you! x2
* * * LOW HITPOINT WARNING * * *
The demonic crawler completely misses you.
The demonic crawler shrieks in warning!
You feel yourself speed up.
You feel like a meek peon again. You block the demonic crawler's attack.
The demonic crawler hits you!
* * * LOW HITPOINT WARNING * * *
The demonic crawler hits you but does no damage.
The demonic crawler hits you!
* * * LOW HITPOINT WARNING * * *
The demonic crawler hits you!
You die...

##################
.#..'..#__#..')..#
.').#..'..'..#).s##+#
'#####'#__####..@s9.#
.#...#.#### #####s.+
##..##)# ## _##'#_.+
..'..._#
_##_.#'##+###
_###)#.#....###
####.####'###(##
..'...'÷....'.∩#


You could see 3 demonic crawlers and a gargoyle.

Vanquished Creatures
  Sonja (D)
  A deep troll (D)
  2 kobold demonologists (D)
  A demonic crawler (D)
  A slime creature (D)
  Sigmund (D)
  A yak (D)
  A floating eye (D)
  An ogre (D)
  A jelly (D)
  Ijyb (D)
12 creatures vanquished.

Vanquished Creatures (others)
  2 ballistomycete spores (D)
2 creatures vanquished.

Grand Total: 14 creatures vanquished

Notes
Turn   | Place    | Note
-------+----------+-------------------------------------------
     0 | D        | smarlow the Minotaur Fighter began the quest for the Orb.
     0 | D        | Reached XP level 1. HP: 19/19 MP: 0/0
     2 | D        | Noticed Ijyb
     7 | D        | Killed Ijyb
     8 | D        | Reached skill level 5 in Fighting
     8 | D        | Reached skill level 5 in Armour
     8 | D        | Reached skill level 5 in Shields
     8 | D        | Reached XP level 2. HP: 20/29 MP: 1/1
    11 | D        | Noticed an ogre
    15 | D        | Killed an ogre
    16 | D        | Reached skill level 1 in Unarmed Combat
    16 | D        | Reached XP level 3. HP: 8/38 MP: 2/2
    16 | D        | Reached XP level 4. HP: 9/45 MP: 3/3
    18 | D        | Noticed Sigmund
    25 | D        | Killed Sigmund
    26 | D        | Reached skill level 5 in Axes
    26 | D        | Reached XP level 5. HP: 12/55 MP: 4/4
   270 | D        | Found an ornate altar of the Wu Jian Council.
   270 | D        | Found a shimmering blue altar of Sif Muna.
   272 | D        | Found a radiant altar of Vehumet.
   275 | D        | Reached XP level 6. HP: 57/62 MP: 5/5
   302 | D        | Found Wabomar's Assorted Antiques.
   302 | D        | Found an ancient bone altar of Kikubaaqudgha.
   302 | D        | Found a hazy altar of Hepliaklqana.
   302 | D        | Found a stormy altar of Qazlal.
   302 | D        | Found a hide-covered altar of Uskayaw.
   302 | D        | Found a blossoming altar of Fedhas.
   302 | D        | Found a bloodstained altar of Trog.
   302 | D        | Found an iron altar of Okawaru.
   302 | D        | Found a basalt altar of Yredelemnul.
   302 | D        | Found a glowing golden altar of the Shining One.
   302 | D        | Found a snail-covered altar of Cheibriados.
   302 | D        | Found a sacrificial altar of Ru.
   302 | D        | Found a glowing silver altar of Zin.
   302 | D        | Found a shadowy altar of Dithmenos.
   302 | D        | Found a white marble altar of Elyvilon.
   302 | D        | Noticed a yak
   306 | D        | Killed a yak
   307 | D        | Found an opulent altar of Gozag.
   308 | D        | Found a sparkling altar of Nemelex Xobeh.
   313 | D        | Became a worshipper of Warmaster Okawaru
   315 | D        | Bought a potion of might for 92 gold pieces
   352 | D        | Noticed Sonja
   357 | D        | Killed Sonja
   358 | D        | Reached skill level 10 in Fighting
   358 | D        | Reached XP level 7. HP: 14/73 MP: 6/6
   676 | D        | Found Afrea's Distillery.
   684 | D        | Bought a potion of mutation for 80 gold pieces
   696 | D        | Noticed a deep troll
   708 | D        | Killed a deep troll
   708 | D        | Reached * piety under Okawaru
   708 | D        | Reached ** piety under Okawaru
   709 | D        | Reached skill level 1 in Dodging
   709 | D        | Reached skill level 5 in Unarmed Combat
   709 | D        | Reached XP level 8. HP: 51/82 MP: 7/7
   718 | D        | Found Hycomut's Armour Emporium.
   922 | D        | Found a burning altar of Makhleb.
   922 | D        | Found a viscous altar of Jiyva.
   922 | D        | Found a shimmering altar of Xom.
   922 | D        | Found a corrupted altar of Lugonu.
   922 | D        | Noticed a slime creature
   931 | D        | Killed a slime creature
   959 | D        | Noticed a kobold demonologist
   959 | D        | Noticed a kobold demonologist
   962 | D        | Paralysed by a floating eye for 3 turns
   965 | D        | Noticed a sixfirhy
   967 | D        | Noticed an ice devil
   972 | D        | Noticed an ice devil
   973 | D        | Killed a kobold demonologist
   973 | D        | Reached *** piety under Okawaru
   974 | D        | Reached skill level 10 in Axes
   974 | D        | Reached XP level 9. HP: 45/90 MP: 6/8
   978 | D        | Killed a kobold demonologist
  1162 | D        | Noticed a demonic crawler
  1162 | D        | Noticed a demonic crawler
  1162 | D        | Noticed a demonic crawler
  1162 | D        | Noticed a demonic crawler
  1171 | D        | Noticed a gargoyle
  1172 | D        | Killed a demonic crawler
  1175 | D        | Slain by a demonic crawler

Illustrated notes

Levels and vault maps discovered:
D:        dungeon_sprint_1 [red_sonja_temple_1, red_sonja_temple_small_1]

Skill      XL: |  1  2  3  4  5  6  7  8  9 |
---------------+----------------------------+-----
Fighting       | 5 6 8 10 11 12 | 12.2
Axes           | 3 4 5 6 8 9 10 11 | 11.3
Armour         | 5 7 8 9 11 12 13 | 13.9
Shields        | 5 6 8 11 12 13 | 13.0
Unarmed Combat | 1 2 3 4 5 6 |  6.1
Dodging        | 1 2 3 |  3.7
Invocations    | |  0.9

Action                   |  1- 3 |  4- 6 |  7- 9 || total
-------------------------+-------+-------+-------++-------
Melee: Unarmed           |     5 |     6 |       ||    11
       War axe           |     2 |     8 |    44 ||    54
       Headbutt          |       |     3 |    16 ||    19
Invok: Heroism           |       |       |     4 ||     4
  Use: Potion            |     1 |     2 |     2 ||     5
Armor: Scale mail        |       |     6 |    25 ||    31
Dodge: Dodged            |     4 |     9 |    24 ||    37
Block: Buckler           |       |     4 |    28 ||    32
